 Dungeon Crawl Stone Soup version 0.31.0-32-g396128a36d (webtiles) character file.

Game seed: 6341413213254077416

7 spaghetti the Chiller (level 2, 0/22 HPs)
             Began as a Naga Ice Elementalist on Mar 9, 2024.
             Slain by a jackal (3 damage)
             ... on level 1 of the Dungeon.
             The game lasted 00:00:29 (110 turns).

spaghetti the Chiller (Naga Ice Elementalist)        Turns: 110, Time: 00:00:29

Health: 0/22       AC:  1    Str: 10    XL:     2   Next: 0%
Magic:  2/5        EV:  9    Int: 15    God:
Gold:   0          SH:  0    Dex: 11    Spells: 4/5 levels left

rFire   . . .        c - +2 mace (protect)
rCold   . . .        (no shield)
rNeg    . . .        a - +0 robe
rPois   +            (no helmet)
rElec   .            (no cloak)
rCorr   .            (no gloves)
SInv    +            (no barding)
Will    .....        (no amulet)
Stlth   ++           (no ring)
HPRegen 0.23/turn    (no ring)
MPRegen 0.09/turn

%: no passive effects
@: weak-willed, very slow
A: AC +0, large, see invisible, deformed body, poison resistance, slowness 2,
spit poison 1, naga tail 1
a: Spit Poison


You were on level 1 of the Dungeon.
You visited 1 branch of the dungeon, and saw 1 of its levels.

Inventory:

Hand Weapons
 c - a +2 mace of protection (weapon)
Armour
 a - a +0 robe (worn)
Potions
 b - a potion of magic


   Skills:
 - Level 1.5 Dodging
 - Level 3.0 Stealth
 + Level 2.2 Spellcasting
 + Level 4.2 Ice Magic


You had 4 spell levels left.
You knew the following spells:

 Your Spells              Type           Power      Damage    Failure   Level
a - Freeze                Ice            56%        1d7       3%          1

Your spell library contained the following spells:

 Spells                   Type           Power      Damage    Failure   Level
 Frozen Ramparts          Ice            28%        1d5       12%         3
 Ozocubu's Armour         Ice            14%        N/A       12%         3
 Summon Ice Beast         Ice/Summ       8%         N/A       26%         3


Dungeon Overview and Level Annotations

Branches:
Dungeon (1/15)

Altars:


Innate Abilities, Weirdness & Mutations

Your serpentine skin is tough. (AC +0)
You have supernaturally acute eyesight. (SInv)
Armour fits poorly on your strangely shaped body.
Your system is resistant to poisons. (rPois)
You cover ground very slowly.
You can spit poison.
You have a snake-like lower body.


Message History

You kill the jackal!
You sock the rat!
You kill the rat!
You have reached level 2!
You start resting.
Your magical contamination has completely faded away.
d - a scroll labelled DYFIUL BULEC A jackal comes into view.
You see here a scroll labelled OFFUXZ KUNAWK.
As you read the scroll labelled DYFIUL BULEC, it crumbles to dust.
The creatures around you are filled with an inner flame!
It was a scroll of immolation.
As you read the scroll labelled OFFUXZ KUNAWK, it crumbles to dust.
The jackal barks!
A wave of despondency washes over your surroundings.
It was a scroll of vulnerability.
Unknown command.
You aren't carrying any items that you can evoke.
You aren't carrying any scrolls.
Unknown command.
Okay, then.
You aren't carrying any items that you can evoke.
You have nothing you can fire or use right now.
The jackal bites you. The jackal closely misses you.
The jackal attacks as it pursues you! The jackal bites you.
The jackal barely misses you.
Things that are here:
a +0 short sword; 4 stones; a kobold corpse A ball python comes into view.
The jackal bites you.
* * * LOW HITPOINT WARNING * * *
The jackal attacks as it pursues you! The jackal bites you.
* * * LOW HITPOINT WARNING * * *
The jackal bites you but does no damage.
Found a puce potion.
The jackal attacks as it pursues you! The jackal barely misses you. x2
The jackal bites you.
* * * LOW HITPOINT WARNING * * *
The jackal bites you.
You die...

###### #....#
#######....#
#####....).....#
#S.@h.####.....#
...!..#####
#.....# ..#..
##.##### ##
.b#####..#
#.......#####
##..........###
K..########...#
## ###.# #..(#


You could see a jackal (inner flame, weak-willed) and a ball python (wandering).

Vanquished Creatures
  An endoplasm (D:1)
  2 jackals (D:1)
  A kobold (D:1)
  2 rats (D:1)
6 creatures vanquished.

Notes
Turn   | Place    | Note
-------+----------+-------------------------------------------
     0 | D:1      | spaghetti the Naga Ice Elementalist began the quest for the
                  | Orb.
     0 | D:1      | Reached XP level 1. HP: 15/15 MP: 3/3
    93 | D:1      | Reached XP level 2. HP: 9/22 MP: 0/5
   110 | D:1      | Slain by a jackal

Illustrated notes

Levels and vault maps discovered:
D:1:      mushboom_english_gardens, layout_rooms

Action                     || total
---------------------------++-------
  Melee: Mace              ||     7
   Cast: Freeze            ||     3
    Use: Scroll            ||     2
 Armour: Robe              ||    14
  Dodge: Dodged            ||     6
